 Dungeon Crawl Stone Soup version 0.20.1-1-g8b1a95d (webtiles) character file.

343381 galech the Wrestler (level 21, -5/193 HPs)
             Began as a Troll Monk on July 27, 2017.
             Was the Champion of Okawaru.
             Slain by an ettin
             ... wielding a +0 dire flail
              (19 damage)
             ... on level 5 of the Vaults.
             The game lasted 01:52:07 (38695 turns).

galech the Wrestler (Troll Monk)                   Turns: 38695, Time: 01:52:09

Health: -5/193     AC: 22    Str: 49    XL:     21   Next: 13%
Magic:  14/18      EV: 12    Int: 11    God:    Okawaru [******]
Gold:   1463       SH: 28    Dex: 14    Spells: 20/20 levels left

rFire    + . .     SeeInvis .     - Unarmed
rCold    + . .     Gourm    +   S - +3 large shield of Weightlessness {rN++ MR- Slay+5}
rNeg     + + .     Faith    .   C - +0 gold dragon scales "Ominekoi" {rPois rF+ rC+ Str+7}
rPois    +         Spirit   .   l - +0 hat of Weightlessness {+Blink Str+4}
rElec    .         Reflect  .   J - +2 cloak {rPois}
rCorr    .         Harm     .   (gloves unavailable)
MR       .....     Clarity  +   (boots unavailable)
Stlth    ..........             X - amulet of Equilibrium {+Rage Str+8 Int+3}
Regen    0.9/turn               D - +4 ring of slaying
MPRegen  0.2/turn               G - +6 ring of slaying

@: lethally poisoned (-5 -> -6), berserk cooldown, slowed, very slow
A: unfitting armour, beak, claws 3, agile 1, clarity, clever 1, fast metabolism
3, gourmand, low mp 2, regeneration 1, shaggy fur 1, tough skin 2, weak 1
}: 2/15 runes: barnacled, gossamer
a: Heroism, Finesse, Renounce Religion, Evoke Blink, Evoke Berserk Rage


You were on level 5 of the Vaults.
You worshipped Okawaru.
Okawaru was exalted by your worship.
You were not hungry.

You visited 6 branches of the dungeon, and saw 36 of its levels.
You also visited: Labyrinth and Ice Cave.

You collected 3580 gold pieces.
You spent 2117 gold pieces at shops.

Inventory:

Armour
 l - the +0 hat of Weightlessness (worn) {+Blink Str+4}
   (Okawaru gifted it to you on level 1 of the Orcish Mines)

   It affects your strength (+4).
   It lets you blink.
 C - the +0 gold dragon scales "Ominekoi" (worn) {rPois rF+ rC+ Str+7}
   (Okawaru gifted it to you on level 4 of the Vaults)

   It affects your strength (+7).
   It protects you from fire.
   It protects you from cold.
   It protects you from poison.
 J - a +2 cloak of poison resistance (worn)
 N - +0 ice dragon scales
 S - the +3 large shield of Weightlessness (worn) {rN++ MR- Slay+5}
   (Okawaru gifted it to you on level 6 of the Lair of Beasts)

   It affects your accuracy and damage with ranged weapons and melee attacks
   (+5).
   It greatly protects you from negative energy.
   It affects your resistance to hostile enchantments.
 U - the +1 cloak "Gusm" {rC+}
   (Okawaru gifted it to you on level 13 of the Dungeon)

   It protects you from cold.
Jewellery
 k - an uncursed ring of fire
 u - an uncursed ring of see invisible
 A - an uncursed ring of stealth
 B - the amulet "Ylenourch" {-Tele +Inv Regen+ Int-3 Dex+8}
   (You took it off a deep elf mage on level 1 of the Vaults)

   [amulet of regeneration]

   It affects your intelligence (-3).
   It affects your dexterity (+8).
   It lets you turn invisible.
   It prevents most forms of teleportation.
   It increases your rate of regeneration.
 D - a +4 ring of slaying (left claw)
 G - a +6 ring of slaying (right claw)
 K - an uncursed ring of poison resistance
 O - an uncursed ring of positive energy
 Q - an uncursed ring of protection from fire
 R - an uncursed ring of protection from magic
 T - a +4 amulet of reflection
 X - the amulet of Equilibrium (around neck) {+Rage Str+8 Int+3}
   (You found it on level 1 of the Spider Nest)

   [amulet of rage]

   It affects your strength (+8).
   It affects your intelligence (+3).
   It lets you go berserk.
Wands
 v - a wand of digging (5/24)
Scrolls
 g - 5 scrolls of identify
 h - 4 scrolls of recharging
 n - 15 scrolls of remove curse
 p - 2 scrolls of fear
 q - 5 scrolls of enchant armour
 s - 2 scrolls of holy word
 t - 2 scrolls of fog
 x - a scroll of torment
 y - 7 scrolls of teleportation
 z - 7 scrolls of magic mapping
 I - 5 scrolls of amnesia
 L - 3 scrolls of enchant weapon
 P - a scroll of silence
 Z - a scroll of brand weapon
Potions
 c - 8 potions of lignification {unknown}
 e - a potion of berserk rage
 f - 12 potions of curing
 i - 7 potions of agility {unknown}
 j - 4 potions of haste
 m - 9 potions of flight {unknown}
 o - 7 potions of mutation {unknown}
 r - 4 potions of ambrosia
 w - 3 potions of resistance
 F - 3 potions of invisibility
 H - 4 potions of heal wounds
 M - 5 potions of might
 V - 2 potions of magic
Comestibles
 b - 19 bread rations
 d - 20 royal jellies
 E - 15 meat rations
 Y - 3 fruits


   Skills:
 + Level 8.8 Fighting
 + Level 8.0 Armour
 + Level 11.7 Dodging
 + Level 6.4 Stealth
 + Level 14.2 Shields
 + Level 25.1 Unarmed Combat
 + Level 4.6 Invocations
 + Level 1.0 Evocations


You had 20 spell levels left.
You didn't know any spells.

Dungeon Overview and Level Annotations

Branches:
Dungeon (15/15)            Temple (0/1) D:6            Lair (6/6) D:10
 Shoals (4/4) Lair:2       Spider (4/4) Lair:2        Slime (0/5) Lair:5
    Orc (2/2) D:11            Elf (0/3) Orc:2        Vaults (5/5) D:14
  Crypt (0/3) Vaults:3     Depths (0/5) D:15

Altars:
Cheibriados
Dithmenos
Fedhas
Gozag
Kikubaaqudgha
Nemelex Xobeh
Okawaru
Qazlal
Ru
Trog
Vehumet
Xom
Zin
The Shining One
Beogh

Shops:
D:8 =   D:10 =   D:14 (   Orc:1 [   Orc:2 [%}!   Shoals:4 *   Vaults:2 :
Vaults:3 %

Portals:
Pandemonium: Orc:2

Annotations:
Lair:1 exclusion: 2 oklob plants


Innate Abilities, Weirdness & Mutations

You are too large for most types of armour.
You have claws for hands.
Your metabolism is lightning-fast.
You like to eat raw meat.
Your natural rate of healing is unusually fast.
You are covered in fur. (AC +1)
You have very tough skin. (AC +2)
You have a beak for a mouth.
You are agile. (Dex +2)
You possess an exceptional clarity of mind.
Your mind is acute. (Int +2)
Your magical capacity is very low. (-20% MP)
You are weak. (Str -2)


Message History

The yaktaur shoots a bolt.
You block the bolt.
The yaktaur shoots a bolt.
The bolt hits you.
* * * LOW HITPOINT WARNING * * *
The snapping turtle bites you from afar!
* * * LOW HITPOINT WARNING * * *
You block the ettin's attack. x2
A shadow dragon comes into view.
You feel much better.
The yaktaur shoots a bolt.
You block the bolt.
The yaktaur captain unwields an uncursed arbalest.
The yaktaur captain wields an uncursed ebony broad axe {drain}.
You sense an unholy aura.
You block the yaktaur captain's attack.
The yaktaur shoots a bolt.
The bolt closely misses you.
The bolt hits the yaktaur captain!
You block the ettin's attack. The ettin hits you with a great mace!
* * * LOW HITPOINT WARNING * * *
The tengu reaver casts a spell.
The tengu reaver conjures a globe of magical energy!
The snapping turtle bites you but does no damage.
The ettin hits you with a dire flail!!
You die...

#########
###..$.=..#
##.§(:})[=..
#..cCCt%|.).
#§§@*).}.c.
###§§.....#
##Qcc.D##
.c.....
.cy....
.#C...#
X.....#
.#....# .
#######
.#....# ..
p#...Y#...


You could see a shadow dragon, a tengu reaver, a yaktaur captain, 2 ettins, a
spark wasp shaped shifter, a snapping turtle shaped shifter, 4 yaktaurs and a
battlesphere.

Vanquished Creatures
  Arachne (Spider:3)
  Nikola (Vaults:3)
  A lich (Vaults:4)
  Jorgrun (Vaults:4)
  The ghost of Rhok the Slayer, an adept MiFi of Uskayaw (Shoals:2)
  A quicksilver dragon (Vaults:5)
  Polyphemus (Shoals:2)
  A kraken (Shoals:2)
  The ghost of equalderp2856 the Severer, an adept MiFi (Spider:4)
  The ghost of Terandir the Peltast, an adept MiFi of Cheibriados (Shoals:4)
  Donald (Orc:2)
  2 storm dragons
  An orc warlord (Vaults:4)
  Ilsuiw (Shoals:4)
  9 ghost moths
  2 fire giants
  3 frost giants
  12 vault wardens
  7 emperor scorpions
  A ghoul (Vaults:3)
  Louise (Shoals:2)
  The ghost of slacker the Bludgeoner, a journeyman GrBe of Trog (D:13)
  3 very ugly things
  3 entropy weavers
  6 stone giants
  14 ironheart preservers
  2 deep elf annihilators
  A deep elf demonologist (Vaults:3)
  A spark wasp (shapeshifter) (Vaults:4)
  8 merfolk javelineers
  3 deep elf death magi
  2 ettins
  2 spark wasps
  5 merfolk impalers
  A minotaur (Lab)
  3 fire dragons
  The ghost of equalderp2856 the Cleaver, a journeyman MiFi (D:11)
  5 great orbs of eyes
  12 yaktaur captains
  The ghost of Monsterracer the Grappler, a journeyman DrTm of Ru (D:11)
  21 vault guards
  3 rakshasas
  6 catoblepae
  3 ice dragons
  7 hydras
  10 centaur warriors
  15 two-headed ogres
  5 death knights
  4 ogre magi
  4 merfolk aquamancers
  A deep troll shaman (Vaults:5)
  4 alligator snapping turtles
  5 merfolk avatars
  A queen ant (Spider:4)
  2 deep troll earth magi
  A satyr (Shoals:4)
  10 orc high priests
  3 tengu warriors
  11 death yaks
  8 deep elf knights
  Sonja (D:11)
  Nergalle (D:10)
  18 slime creatures
  An entropy weaver zombie (Vaults:2)
  10 sea snakes
  2 shadow wraiths
  A torturous demonspawn (Orc:2)
  6 deep trolls
  A flayed ghost (Vaults:2)
  2 wizards (Vaults:1)
  Pikel (D:4)
  2 infernal demonspawn (Orc:2)
  5 unseen horrors
  2 phantasmal warriors
  23 orc knights
  3 deep elf archers
  16 ironbrand convokers
  8 deep elf magi
  11 harpies
  16 manticores
  19 ugly things
  33 wolf spiders
  2 necromancers
  13 orb spiders
  A stone giant zombie (Vaults:2)
  7 orc sorcerers (Orc:2)
  A shadow dragon skeleton (Vaults:4)
  6 cyclopes
  3 fauns (Shoals:2)
  2 moths of wrath
  15 elephants (Lair:6)
  A salamander (shapeshifter) (Vaults:3)
  9 water nymphs
  12 merfolk sirens
  5 black mambas
  An orange demon (Orc:2)
  11 vault sentinels
  A rust devil (Orc:2)
  5 ice statues (IceCv)
  7 spiny frogs
  2 centaur skeletons
  2 gargoyles
  2 torpor snails (Spider:2)
  A human zombie (Vaults:4)
  A rime drake (shapeshifter) (Vaults:1)
  18 demonic crawlers
  A kobold demonologist (D:15)
  37 yaktaurs
  3 anaconda simulacra (IceCv)
  A rime drake (Lair:5)
  A hellwing (Orc:2)
  6 komodo dragons
  4 freezing wraiths
  A red devil (Orc:2)
  A yaktaur skeleton (Vaults:4)
  A meliai (Spider:3)
  A tengu conjurer (D:15)
  26 merfolk
  A human skeleton (Vaults:2)
  10 trolls
  9 wind drakes
  A polar bear (Lair:5)
  31 jumping spiders
  9 hornets
  Prince Ribbit (D:8)
  12 blink frogs
  13 hippogriffs
  21 dream sheep
  A meliai zombie (D:14)
  11 snapping turtles
  A spriggan (D:8)
  Sigmund (D:4)
  A shadow (D:11)
  16 tarantellas
  3 vampires
  63 redbacks
  Eustachio (D:6)
  Grum (D:10)
  3 dire elephant simulacra (IceCv)
  A yak (shapeshifter) (Vaults:4)
  5 water elementals
  39 yaks
  3 wyverns
  4 basilisks (Lair:6)
  3 wraiths
  4 hungry ghosts
  4 vampire mosquitoes (D:15)
  2 steam dragons
  A neqoxec (Orc:2)
  An iron troll simulacrum (IceCv)
  Menkaure (D:4)
  7 wargs
  A chaos spawn (Orc:2)
  24 soldier ants (Spider:4)
  A hydra simulacrum (IceCv)
  9 water moccasins
  14 porcupines
  53 orc warriors
  13 ice beasts
  2 sky beasts
  An ettin simulacrum (IceCv)
  An ice beast (shapeshifter) (Vaults:1)
  An eye of draining (D:11)
  An eye of draining (shapeshifter) (D:14)
  An ice dragon simulacrum (Vaults:1)
  A boggart (shapeshifter) (D:15)
  3 boggarts (Vaults:3)
  20 ogres
  20 wolves
  19 centaurs
  2 phantoms
  An orc skeleton (Vaults:2)
  17 crocodiles
  A crocodile (shapeshifter) (Vaults:3)
  4 big kobolds
  Blork the orc (D:6)
  An ogre simulacrum (Vaults:1)
  18 bullfrogs
  An earth elemental (Lab)
  A human simulacrum (Vaults:3)
  2 wyvern zombies (D:11)
  3 scorpions
  A hornet simulacrum (Vaults:1)
  2 wyvern skeletons
  12 killer bees
  12 wights
  3 electric eels
  4 howler monkeys
  8 crimson imps
  2 bullfrog zombies
  4 centaur zombies
  A bullfrog skeleton (D:5)
  9 jellies
  7 hounds
  35 orc priests
  20 orc wizards
  Ijyb (D:4)
  3 iguanas
  Natasha (twice) (D:4)
  6 hell rats (Lair:6)
  33 worker ants
  A killer bee zombie (D:5)
  A hound zombie (D:5)
  2 hound skeletons (D:9)
  A howler monkey skeleton (D:8)
  A howler monkey zombie (D:6)
  10 adders
  2 shadow imps
  An ooze (D:4)
  2 worms
  An adder zombie (D:5)
  3 dart slugs
  7 leopard geckos
  78 orcs
  2 ball pythons
  9 giant cockroaches
  8 goblins
  7 hobgoblins
  34 jackals
  4 quokkas
  10 bats
  9 frilled lizards
  3 jackal zombies
  21 kobolds
  3 leopard gecko skeletons
  A quokka skeleton (D:5)
  A quokka zombie (D:5)
  5 rats
  A bush (Lair:6)
  A plant (Shoals:1)
1557 creatures vanquished.

Vanquished Creatures (others)
  An ice beast (D:4)
  A slave (D:4)
  2 orc warriors (Vaults:4)
  A scorpion (D:4)
  A howler monkey (D:4)
  An adder (D:11)
  An orc (Vaults:3)
  A bat (D:4)
  10 fungi
  6 plants
  4 tentacles (Shoals:2)
29 creatures vanquished.

Grand Total: 1586 creatures vanquished

Notes
Turn   | Place    | Note
-------+----------+-------------------------------------------
     0 | D:1      | galech the Troll Monk began the quest for the Orb.
     0 | D:1      | Reached XP level 1. HP: 22/22 MP: 0/0
    90 | D:1      | Reached XP level 2. HP: 23/29 MP: 1/1
   415 | D:1      | Reached XP level 3. HP: 30/36 MP: 2/2
   738 | D:2      | Found a glowing golden altar of the Shining One.
   803 | D:2      | Found a glowing silver altar of Zin.
   981 | D:2      | Reached XP level 4. HP: 23/44 MP: 3/3
  1319 | D:3      | Reached skill level 4 in Unarmed Combat
  1416 | D:3      | Found a bloodstained altar of Trog.
  1636 | D:3      | Noticed a bullfrog
  1644 | D:3      | Killed a bullfrog
  1644 | D:3      | Reached XP level 5. HP: 31/52 MP: 4/4
  1914 | D:3      | Found a snail-covered altar of Cheibriados.
  2119 | D:4      | Found an opulent altar of Gozag.
  2159 | D:4      | Noticed Menkaure
  2166 | D:4      | Killed Menkaure
  2166 | D:4      | Reached skill level 5 in Unarmed Combat
  2166 | D:4      | Reached XP level 6. HP: 29/61 MP: 5/5
  2228 | D:4      | Noticed Pikel
  2228 | D:4      | Noticed a slave
  2229 | D:4      | Noticed Ijyb
  2229 | D:4      | Noticed a slave
  2229 | D:4      | Noticed a slave
  2237 | D:4      | Noticed a slave
  2243 | D:4      | Noticed an ice beast
  2258 | D:4      | HP: 2/61 [Pikel/whip of electrocution (13)]
  2259 | D:4      | Killed Pikel
  2259 | D:4      | Reached skill level 6 in Unarmed Combat
  2259 | D:4      | Reached XP level 7. HP: 3/67 MP: 6/6
  2274 | D:4      | Killed Ijyb
  2379 | D:4      | Found a bloodstained altar of Trog.
  2646 | D:4      | Noticed Natasha
  2651 | D:4      | Killed Natasha
  2669 | D:4      | Noticed Sigmund
  2709 | D:4      | Killed Sigmund
  2709 | D:4      | Reached skill level 7 in Unarmed Combat
  2709 | D:4      | Reached XP level 8. HP: 64/78 MP: 7/7
  2769 | D:4      | Found a stormy altar of Qazlal.
  2769 | D:4      | Noticed Natasha
  3306 | D:5      | Entered Level 5 of the Dungeon
  3558 | D:5      | Found an iron altar of Okawaru.
  3736 | D:5      | Became a worshipper of Warmaster Okawaru
  3736 | D:5      | Reached * piety under Okawaru
  3736 | D:5      | Reached ** piety under Okawaru
  3825 | D:5      | Found an ancient bone altar of Kikubaaqudgha.
  3854 | D:5      | Reached skill level 8 in Unarmed Combat
  3876 | D:5      | Reached skill level 5 in Dodging
  3906 | D:4      | Found a sparkling altar of Nemelex Xobeh.
  3917 | D:4      | Killed Natasha
  4228 | D:5      | Noticed a hippogriff
  4235 | D:5      | Killed a hippogriff
  4235 | D:5      | Reached *** piety under Okawaru
  4235 | D:5      | Reached skill level 9 in Unarmed Combat
  4391 | D:6      | Reached XP level 9. HP: 74/84 MP: 8/8
  4590 | D:6      | Noticed Blork the orc
  4598 | D:6      | Killed Blork the orc
  4603 | D:6      | Found a sacrificial altar of Ru.
  4877 | D:6      | Found a staircase to the Ecumenical Temple.
  4877 | D:6      | Noticed Eustachio
  4885 | D:6      | Killed Eustachio
  5158 | D:7      | Reached skill level 10 in Unarmed Combat
  5159 | D:7      | Reached **** piety under Okawaru
  5279 | D:7      | Found a shadowy altar of Dithmenos.
  5304 | D:7      | Got a transparent whip
  5305 | D:7      | Identified the +4 whip "Rixenuq" {protect, +Inv Int+4} (You found it on level 7 of the Dungeon)
  5600 | D:7      | Found a blossoming altar of Fedhas.
  5739 | D:8      | Noticed a two-headed ogre
  6119 | D:8      | Found Ximiwk's Jewellery Boutique.
  6171 | D:8      | Reached XP level 10. HP: 94/94 MP: 9/9
  6200 | D:8      | Reached skill level 11 in Unarmed Combat
  6355 | D:8      | Reached ***** piety under Okawaru
  6627 | D:8      | Noticed Prince Ribbit
  6639 | D:8      | Killed Prince Ribbit
  6824 | D:9      | Reached skill level 12 in Unarmed Combat
  7378 | D:9      | Found a radiant altar of Vehumet.
  7477 | D:9      | Found an opulent altar of Gozag.
  7501 | D:9      | Found a shimmering altar of Xom.
  7502 | D:9      | Found a shimmering altar of Xom.
  7506 | D:9      | Found a shimmering altar of Xom.
  7513 | D:9      | Found a shimmering altar of Xom.
  7513 | D:9      | Found a shimmering altar of Xom.
  7516 | D:9      | Found a shimmering altar of Xom.
  7516 | D:9      | Found a shimmering altar of Xom.
  7516 | D:9      | Found a shimmering altar of Xom.
  7752 | D:9      | Reached skill level 5 in Fighting
  7924 | D:10     | Entered Level 10 of the Dungeon
  7929 | D:10     | Noticed a six-headed hydra
  8066 | D:10     | Noticed a two-headed ogre
  8071 | D:10     | Killed a two-headed ogre
  8071 | D:10     | Received a gift from Okawaru
  8095 | D:10     | Found Xunwoff's Jewellery Emporium.
  8142 | D:10     | Noticed an unseen horror
  8166 | D:10     | Killed an unseen horror
  8166 | D:10     | Reached XP level 11. HP: 68/104 MP: 10/10
  8302 | D:9      | Reached skill level 13 in Unarmed Combat
  8405 | D:10     | Found a staircase to the Lair.
  8532 | Lair:1   | Entered Level 1 of the Lair of Beasts
  8650 | Lair:1   | Reached ****** piety under Okawaru
  8855 | Lair:1   | You fall through a shaft!
  9103 | Lair:1   | Reached skill level 1 in Armour
  9151 | Lair:1   | Received a gift from Okawaru
  9212 | Lair:1   | Noticed an oklob plant
  9213 | Lair:1   | Noticed an oklob plant
  9834 | Lair:2   | Found a hole to the Spider Nest.
 10194 | Lair:2   | Reached skill level 14 in Unarmed Combat
 10257 | Lair:2   | Found a staircase to the Shoals.
 10464 | Lair:3   | Noticed a six-headed hydra
 10528 | Shoals:1 | Entered Level 1 of the Shoals
 11168 | D:9      | Gained mutation: Your mind is acute. (Int +2) [mutagenic meat]
 11169 | D:9      | Gained mutation: You are agile. (Dex +2) [mutagenic meat]
 11170 | D:9      | Gained mutation: You have a beak for a mouth. [mutagenic meat]
 11171 | D:9      | Gained mutation: You are weak. (Str -2) [mutagenic meat]
 11172 | D:9      | Gained mutation: You possess an exceptional clarity of mind. [mutagenic meat]
 11173 | D:9      | Gained mutation: Your magical capacity is low. (-10% MP) [mutagenic meat]
 11189 | D:9      | Reached XP level 12. HP: 113/113 MP: 9/9
 11325 | D:11     | Noticed Nergalle
 11325 | D:11     | Noticed Grum
 11325 | D:11     | Noticed a two-headed ogre
 11331 | D:10     | Killed a two-headed ogre
 11422 | D:10     | Killed Grum
 11482 | D:11     | Noticed Monsterracer's ghost (journeyman DrTm)
 11522 | D:10     | Killed Nergalle
 11522 | D:10     | Received a gift from Okawaru
 11604 | D:11     | Killed Monsterracer's ghost
 11646 | D:11     | Found a staircase to the Orcish Mines.
 11648 | D:11     | Noticed a four-headed hydra
 11708 | Orc:1    | Entered Level 1 of the Orcish Mines
 12030 | Orc:1    | Found Uzaucir's Antique Armour Shoppe.
 12068 | Orc:2    | Entered Level 2 of the Orcish Mines
 12255 | Orc:2    | Noticed a two-headed ogre
 12269 | Orc:2    | Killed a two-headed ogre
 12373 | Orc:2    | Received a gift from Okawaru
 12373 | Orc:2    | Reached skill level 15 in Unarmed Combat
 12586 | Orc:2    | Noticed an orc high priest
 12638 | Orc:1    | Killed an orc high priest
 12638 | Orc:1    | Received a gift from Okawaru
 12645 | Orc:1    | Got a warped hat {god gift}
 12651 | Orc:1    | Identified the +0 hat of Weightlessness {+Blink Str+4} (Okawaru gifted it to you on level 1 of the Orcish Mines)
 12739 | Orc:2    | Found a staircase to the Elven Halls.
 13065 | Orc:2    | Found Feqo's Food Shop.
 13220 | Orc:2    | Found Ikhlef's Distillery.
 13348 | Orc:2    | Gained mutation: Your magical capacity is very low. (-20% MP) [a neqoxec]
 13362 | Orc:2    | Noticed an orc high priest
 13369 | Orc:2    | Killed an orc high priest
 13370 | Orc:2    | Noticed an orc high priest
 13392 | Orc:2    | Killed an orc high priest
 13392 | Orc:2    | Reached XP level 13. HP: 102/123 MP: 9/9
 13411 | Orc:2    | Reached skill level 16 in Unarmed Combat
 13659 | Orc:2    | Reached skill level 1 in Invocations
 13886 | Orc:2    | Found Gomy's Antique Armour Emporium.
 13886 | Orc:2    | Found Iraoqal's Gadget Shoppe.
 13886 | Orc:2    | Found a one-way gate leading to the halls of Pandemonium.
 14101 | Orc:2    | Noticed Donald
 14123 | Orc:2    | Killed Donald
 14123 | Orc:2    | Received a gift from Okawaru
 14228 | D:11     | Noticed Sonja
 14237 | D:11     | Killed Sonja
 14237 | D:11     | Reached skill level 17 in Unarmed Combat
 14417 | D:11     | Noticed equalderp2856's ghost (journeyman MiFi)
 14432 | D:11     | Killed equalderp2856's ghost
 14510 | D:11     | Reached skill level 1 in Shields
 14767 | D:12     | Received a gift from Okawaru
 14854 | D:12     | Reached skill level 5 in Stealth
 15329 | D:12     | Found an iron altar of Okawaru.
 16087 | Lair:3   | Reached XP level 14. HP: 133/133 MP: 11/11
 16523 | Lair:4   | Found a labyrinth entrance.
 16601 | Lab      | Entered a labyrinth
 17891 | Lair:5   | Received a gift from Okawaru
 17891 | Lair:5   | Reached skill level 18 in Unarmed Combat
 17901 | Lair:5   | Got an iridescent giant club {god gift}
 17907 | Lair:5   | Identified the +2 giant club of the Jester {crush, MR+ Str+3} (Okawaru gifted it to you on level 5 of the Lair of Beasts)
 18438 | Lair:5   | Found a staircase to the Slime Pits.
 19037 | Lair:6   | Entered Level 6 of the Lair of Beasts
 19067 | Lair:6   | Received a gift from Okawaru
 19072 | Lair:6   | Got a scorched large shield {god gift}
 19083 | Lair:6   | Identified the +3 large shield of Weightlessness {rN++ MR- Slay+5} (Okawaru gifted it to you on level 6 of the Lair of Beasts)
 19639 | Lair:6   | Reached skill level 5 in Armour
 20209 | Lair:6   | Reached XP level 15. HP: 128/140 MP: 12/12
 20502 | Lair:6   | Reached skill level 19 in Unarmed Combat
 20561 | Lair:6   | Identified the Tome of Creative Clay
 21070 | D:10     | Bought a +6 ring of slaying for 2013 gold pieces
 21165 | D:13     | Found a sparkling altar of Nemelex Xobeh.
 21209 | D:13     | Reached skill level 5 in Shields
 21312 | D:13     | Noticed slacker's ghost (journeyman GrBe)
 21321 | D:13     | Killed slacker's ghost
 21922 | D:13     | Received a gift from Okawaru
 21929 | D:13     | Got a heavily runed cloak {god gift}
 21940 | D:13     | Identified the +1 cloak "Gusm" {rC+} (Okawaru gifted it to you on level 13 of the Dungeon)
 22215 | D:14     | Found an iron altar of Okawaru.
 22246 | D:14     | Found Kupliann's Antique Weapon Shop.
 22586 | D:14     | Found a gate to the Vaults.
 22715 | D:15     | Entered Level 15 of the Dungeon
 23098 | D:15     | Received a gift from Okawaru
 23284 | D:15     | Found a staircase to the Depths.
 23680 | Shoals:1 | Reached skill level 20 in Unarmed Combat
 23689 | Shoals:1 | Reached XP level 16. HP: 77/150 MP: 13/13
 23826 | Shoals:1 | Reached skill level 10 in Dodging
 24382 | Shoals:1 | Identified the Incunabulum of Malediction
 24574 | Shoals:2 | Noticed Rhok's ghost (adept MiFi)
 24587 | Shoals:2 | Killed Rhok's ghost
 24654 | Shoals:2 | Noticed Polyphemus
 24678 | Shoals:2 | Killed Polyphemus
 24725 | Shoals:2 | Noticed Louise
 25542 | Shoals:3 | Received a gift from Okawaru
 25801 | Shoals:2 | Noticed a kraken
 25814 | Shoals:2 | Killed a kraken
 25925 | Shoals:2 | Killed Louise
 26002 | Shoals:4 | Entered Level 4 of the Shoals
 26324 | Shoals:4 | Noticed Terandir's ghost (adept MiFi)
 26327 | Shoals:4 | Received a gift from Okawaru
 26341 | Shoals:4 | Killed Terandir's ghost
 26475 | Shoals:4 | Found Gydariok's General Store.
 26484 | Shoals:4 | Bought a scroll of identify for 38 gold pieces
 26484 | Shoals:4 | Bought a scroll of fear for 66 gold pieces
 26501 | Shoals:4 | Reached skill level 21 in Unarmed Combat
 26508 | Shoals:4 | Noticed Ilsuiw
 26518 | Shoals:4 | Reached XP level 17. HP: 123/158 MP: 11/14
 26540 | Shoals:4 | Killed Ilsuiw
 26913 | Shoals:4 | Got a barnacled rune of Zot
 27381 | Spider:1 | Entered Level 1 of the Spider Nest
 27381 | Spider:1 | Found a frozen archway.
 27422 | IceCv    | Entered an ice cave
 27509 | IceCv    | Received a gift from Okawaru
 27939 | Spider:1 | Got a sparkling amethyst amulet
 27942 | Spider:1 | Identified the amulet of Equilibrium {+Rage Str+8 Int+3} (You found it on level 1 of the Spider Nest)
 29108 | Spider:2 | Reached skill level 10 in Shields
 29559 | Spider:3 | Received a gift from Okawaru
 29771 | Spider:3 | Reached skill level 22 in Unarmed Combat
 29935 | Spider:3 | Noticed Arachne
 29943 | Spider:3 | Killed Arachne
 30000 | Spider:3 | Reached XP level 18. HP: 142/167 MP: 15/15
 30902 | Spider:4 | Entered Level 4 of the Spider Nest
 30910 | Spider:4 | Received a gift from Okawaru
 31386 | Spider:4 | Noticed equalderp2856's ghost (adept MiFi)
 31401 | Spider:4 | Killed equalderp2856's ghost
 31679 | Spider:4 | Received a gift from Okawaru
 31692 | Spider:4 | Got a steaming scarf {god gift}
 31741 | Spider:4 | Identified the scarf "Vyaton" {rElec} (Okawaru gifted it to you on level 4 of the Spider Nest)
 31796 | Spider:4 | Got a gossamer rune of Zot
 32305 | Vaults:1 | Entered Level 1 of the Vaults
 32425 | Vaults:1 | Reached skill level 23 in Unarmed Combat
 32703 | Vaults:1 | Reached XP level 19. HP: 176/176 MP: 16/16
 32826 | Vaults:1 | Paralysed by an ogre mage for 6 turns
 32977 | Vaults:1 | Received a gift from Okawaru
 33257 | Vaults:1 | Got a scintillating zirconium amulet
 34080 | Vaults:2 | Found Bem Wedee's Book Boutique.
 34551 | Vaults:2 | Received a gift from Okawaru
 34931 | Vaults:2 | Identified the amulet "Ylenourch" {-Tele +Inv Regen+ Int-3 Dex+8} (You took it off a deep elf mage on level 1 of the Vaults)
 35397 | Vaults:3 | Received a gift from Okawaru
 35520 | Vaults:3 | Found a staircase to the Crypt.
 35670 | Vaults:3 | Reached skill level 24 in Unarmed Combat
 35855 | Vaults:3 | Reached XP level 20. HP: 169/185 MP: 17/17
 35889 | Vaults:3 | Received a gift from Okawaru
 36314 | Vaults:3 | Found Nyrhep's Food Boutique.
 36335 | Vaults:3 | Noticed Nikola
 36344 | Vaults:3 | Killed Nikola
 37174 | Vaults:4 | Noticed Jorgrun
 37287 | Vaults:4 | Received a gift from Okawaru
 37337 | Vaults:4 | Found a roughly hewn altar of Beogh.
 37381 | Vaults:4 | Got twisted gold dragon scales {god gift}
 37392 | Vaults:4 | Identified the +0 gold dragon scales "Ominekoi" {rPois rF+ rC+ Str+7} (Okawaru gifted it to you on level 4 of the Vaults)
 37787 | Vaults:4 | Killed Jorgrun
 38545 | Vaults:5 | Entered Level 5 of the Vaults
 38573 | Vaults:5 | Reached skill level 25 in Unarmed Combat
 38597 | Vaults:4 | Received a gift from Okawaru
 38621 | Vaults:4 | Got a heavy robe {god gift}
 38632 | Vaults:4 | Identified the +1 robe "Fomyfiq" {rPois} (Okawaru gifted it to you on level 4 of the Vaults)
 38655 | Vaults:5 | Noticed a golden dragon
 38665 | Vaults:5 | Reached XP level 21. HP: 192/192 MP: 11/18
 38686 | Vaults:5 | Reached skill level 1 in Evocations
 38694 | Vaults:5 | HP: 7/193 [snapping turtle (glowing shapeshifter) (14)]
 38695 | Vaults:5 | Slain by an ettin

Skill      XL: |  1  2  3  4  5  6  7  8  9 10 11 12 13 14 15 16 17 18 19 20 21 |
---------------+----------------------------------------------------------------+-----
Dodging        | 3 4 5 6 7 8 9 10 11 | 11.7
Unarmed Combat | 4 5 6 7 9 10 12 14 15 17 18 20 21 22 23 24 25 | 25.1
Fighting       | 3 4 5 6 7 8 |  8.8
Stealth        | 2 3 4 5 6 |  6.4
Armour         | 3 4 5 6 7 8 |  8.0
Invocations    | 2 3 4 |  4.6
Shields        | 1 4 6 8 10 11 12 14 | 14.2
Evocations     | 1 |  1.0

Action                   |  1- 3 |  4- 6 |  7- 9 | 10-12 | 13-15 | 16-18 | 19-21 || total
-------------------------+-------+-------+-------+-------+-------+-------+-------++-------
Melee: Unarmed           |   109 |    90 |   295 |   587 |   934 |  1107 |   826 ||  3948
       Punch             |     1 |     1 |    14 |    35 |     7 |       |       ||    58
       Peck              |       |       |       |    67 |   256 |   334 |   286 ||   943
Invok: Heroism           |       |       |       |     6 |    18 |    25 |     9 ||    58
       Finesse           |       |       |       |       |     4 |     2 |     5 ||    11
 Abil: Evoke Berserk Rag |       |       |       |       |       |       |     3 ||     3
Evoke: Wand              |       |       |       |       |     1 |       |       ||     1
  Use: Scroll            |       |       |       |     9 |     5 |    24 |     7 ||    45
       Potion            |       |       |       |       |       |       |     1 ||     1
 Stab: Sleeping          |     2 |     2 |    12 |    12 |    16 |    10 |     1 ||    55
       Paralysed         |       |       |     1 |       |       |       |       ||     1
       Distracted        |       |       |       |       |     3 |     1 |       ||     4
       Held in net/web   |       |       |       |       |       |     7 |       ||     7
  Eat: Chunk             |    14 |    12 |    35 |    82 |    96 |    70 |    52 ||   361
       Bread ration      |       |       |       |       |       |     3 |       ||     3
Armor: Robe              |    46 |    26 |   101 |    25 |       |     8 |     2 ||   208
       Troll leather arm |       |       |       |    75 |   180 |    71 |       ||   326
       Ice dragon scales |       |       |       |       |       |   152 |    60 ||   212
       Gold dragon scale |       |       |       |       |       |       |    67 ||    67
Dodge: Dodged            |    68 |    58 |   210 |   376 |   317 |   322 |   114 ||  1465
Block: Shield            |       |       |       |       |   168 |       |       ||   168
       Reflection        |       |       |       |       |     2 |     8 |       ||    10
       Large shield      |       |       |       |       |   436 |  1184 |   776 ||  2396
